Cogmind - Beta 13 @@@ ROGUE MODE // 2024.04.12 @ 21:15:56 // AFD2019/Pay2Buy Player: mehbruh Result: Core destroyed Performance ------------- Evolutions (0) 0 Regions Visited (1) 200 Robots Destroyed (16) 80 Value Destroyed (386) 386 Prototype IDs (2) 40 Alien Tech Used (0) 0 Bonus (0) 0 TOTAL SCORE: 706 Bonus ------- None Cogmind --------- Core Integrity 0/250 Matter 294/300 Energy 100/100 System Corruption 44% Temperature Cool (0) Movement Core (250) Ox4 Location -10/Materials Parts ------- > --- POWER (1) -------- Improved Ion Engine > --- PROPULSION (2) --- Improved Treads Improved Treads > --- UTILITY (2) ------ Cooling System > --- WEAPON (2) ------- Spread Laser Spread Laser > --- INVENTORY (10) --- (None) Peak State ------------ > --- POWER ------------ Improved Ion Engine > --- PROPULSION ------- Improved Treads Improved Treads > --- UTILITY ---------- Cooling System Medium Armor Plating > --- WEAPON ----------- Spread Laser Spread Laser > --- INVENTORY -------- (None) [Rating: 14] Favorites ----------- Power Improved Ion Engine Engine Improved Ion Engine Propulsion Improved Treads Treads Improved Treads Utility Cooling System Device Cooling System Protection Medium Armor Plating Weapon Spread Laser Energy Gun Spread Laser Build | -11 -10 ------- Run | Yrd Mat Slots Evolved . | . . Power . | . . Propulsion . | . . Utility . | . . Weapon . | . . Parts Attached . | . . Power . | . . Engine . | . . Core . | . . Reactor . | . . Propulsion . | . . Treads . | . . Leg . | . . Wheel . | . . Hover . | . . Flight . | . . Utility . | . . Device . | . . Storage . | . . Processor . | . . Hackware . | . . Protection . | . . Artifact . | . . Weapon . | . . Energy Gun . | . . Energy Cannon . | . . Ballistic Gun . | . . Ballistic Cannon . | . . Launcher . | . . Special Weapon . | . . Impact Weapon . | . . Slashing Weapon . | . . Piercing Weapon . | . . Special Melee Weapon . | . . Unidentified Prototypes . | . . Parts Lost 1 | . 1 Power . | . . Propulsion . | . . Utility 1 | . 1 Weapon . | . . Highest Loss Streak 1 | . 1 To Critical Strikes . | . . Average Slot Usage (%) 88 | . 88 Engine 14 | . 14 Treads 19 | . 19 Device 14 | . 14 Protection 11 | . 11 Energy Gun 28 | . 28 Naked Turns . | . . Heaviest Build 22 | 22 22 Greatest Support 46 | 23 46 Greatest Overweight (x) . | . . Average Overweight (x) . | . . Largest Inventory Capacity 10 | 10 10 Average Capacity 10 | 10 10 Most Carried . | . . Average Carried . | . . Final Capacity 10 | 10 10 Final Carried . | . . Class Distribution -------------------- 100% | Mutant Dominant Class ---------------- Mutant | -10/Materials Resources | -11 -10 ----------- Run | Yrd Mat Matter Collected 193 | . 193 Remotely . | . . Salvage Created 387 | . 387 Parts . | . . Haulers Intercepted 2 | . 2 Recyclers Shooed . | . . Parts Field Recycled . | . . Retrieved Matter . | . . Parts Self-Destructed . | . . Prevented . | . . Kills | -11 -10 ------- Run | Yrd Mat Combat Hostiles Destroyed 8 | . 8 Guns 8 | . 8 Classes Destroyed 6 | . 6 Worker 1 | . 1 Hauler 2 | . 2 Recycler 1 | . 1 Operator 1 | . 1 Watcher 3 | . 3 Grunt 8 | . 8 Best Kill Streak 5 | . 5 Combat Bots Only 2 | . 2 Max Kills in Single Turn 1 | . 1 Gunslinging . | . . Exploded . | . . Melee . | . . Uniques/NPCs Destroyed . | . . Combat | -11 -10 -------- Run | Yrd Mat Hostile Shots Fired 28 | . 28 Missed 8 | . 8 Damage Taken 594 | . 594 Core 258 | . 258 Absorbed by Shields . | . . Core Remaining (%) 100 | 100 . Volleys Fired 38 | . 38 Largest 2 | . 2 Hottest 130 | . 130 Shots Fired 76 | . 76 Gun 76 | . 76 Cannon . | . . Launcher . | . . Special . | . . Kinetic . | . . Thermal 76 | . 76 Explosive . | . . Electromagnetic . | . . Robot Hit Streak 14 | . 14 Robot Miss Streak 10 | . 10 Penetration Max . | . . Secondary Targets 1 | . 1 Max Gunslinging Chain 1 | . 1 Shots Hit Robots 64 | . 64 Core Hits 75 | . 75 Critical Kills . | . . Critical Parts Destroyed . | . . Critical Strikes . | . . Melee Attacks . | . . Impact . | . . Slashing . | . . Piercing . | . . Sneak Attacks . | . . Combat Hostiles . | . . Follow-up Attacks . | . . Damage Inflicted 974 | 4 970 Guns 833 | . 833 Cannons . | . . Explosions . | . . Melee . | . . Ramming 141 | 4 137 Kinetic . | . . Thermal 833 | . 833 Explosive . | . . Electromagnetic . | . . Impact . | . . Slashing . | . . Piercing . | . . Highest Corruption 44 | . 44 Average Corruption 29 | . 29 Corruption Purged . | . . Corruption Blocked . | . . Effects 8 | . 8 Message Errors 2 | . 2 Matter Fused 1 | . 1 Heat Flow Errors 1 | . 1 Energy Discharges 1 | . 1 Data Loss (minor) 2 | . 2 Alerts 1 | . 1 Overload Shots . | . . Overflow Damage . | . . Projectiles . | . . Explosions . | . . Melee . | . . Knockbacks . | . . Impact . | . . Kinetic . | . . Secondary . | . . Self-Inflicted Damage 137 | . 137 Shots . | . . Rammed 2 | 2 . Targets Rammed 2 | 2 . Kicked . | . . Crushed . | . . Highest Temperature 183 | . 183 Average Temperature 49 | . 49 Received Heat Transfer 150 | . 150 Siege Activations . | . . Robots Corrupted . | . . Combat Hostiles . | . . Parts Fried . | . . Impact Corruptions . | . . Robots Melted . | . . Combat Hostiles . | . . Parts Melted . | . . Heat Transferred 1035 | . 1035 Parts Sabotaged . | . . Parts Stolen . | . . Parts Stripped . | . . Power Chain Reactions . | . . Alert | -11 -10 ------- Run | Yrd Mat Peak Influence 155 | . 155 Initial . | . . Average 83 | . 86 Maximum Alert Level . | . . Low Security (%) 100 | 100 100 Level 1 . | . . Level 2 . | . . Level 3 . | . . Level 4 . | . . Level 5 . | . . High Security . | . . Max Security . | . . Squads Dispatched 1 | . 1 Investigation 1 | . 1 Extermination . | . . Reinforcement . | . . Assault . | . . Garrison . | . . Intercept . | . . Searches Triggered . | . . Construction Impeded . | . . Haulers Reinforced . | . . Active Scanning Responses . | . . Cargo Convoy Interrupts . | . . Stealth | -11 -10 --------- Run | Yrd Mat Distress Signals 1 | . 1 Communications Jammed . | . . Distress Signals . | . . Times Spotted 13 | . 13 Peak Tracking Total 3 | . 3 Tactical Retreats . | . . Traps | -11 -10 ------- Run | Yrd Mat Traps Triggered 1 | . 1 Indirectly . | . . Trap Hack Attempts . | . . Triggered . | . . Disarmed . | . . Reprogrammed . | . . Reused . | . . Traps Extracted . | . . Installed . | . . Triggered . | . . Machines | -11 -10 ---------- Run | Yrd Mat Machines Disabled . | . . Max in Single Turn . | . . Machines Repaired . | . . Machines Dismantled . | . . Machines Sabotaged . | . . Overloaded Fab Kills . | . . Hacking | -11 -10 --------- Run | Yrd Mat Machines Accessed 5 | . 5 Terminals 5 | . 5 Fabricators . | . . Repair Stations . | . . Recycling Units . | . . Scanalyzers . | . . Garrison Access . | . . Total Hacks 17 | . 17 Successful 6 | . 6 Failed 11 | . 11 Catastrophic 1 | . 1 Database Lockouts . | . . Manual 14 | . 14 Terminals 17 | . 17 Fabricators . | . . Repair Stations . | . . Recycling Units . | . . Scanalyzers . | . . Garrison Access . | . . Terminal Hacks 4 | . 4 Robot Analysis 2 | . 2 Prototype ID Bank 1 | . 1 Locate Traps 1 | . 1 Fabricator Hacks . | . . Repair Station Hacks . | . . Recycling Unit Hacks . | . . Scanalyzer . | . . Garrison Access Hacks . | . . Unauthorized Hacks 2 | . 2 Terminals 2 | . 2 Botnet 2 | . 2 Fabricators . | . . Repair Stations . | . . Recycling Units . | . . Scanalyzers . | . . Garrison Access . | . . Data Cores Recovered 1 | . 1 Used . | . . Hacking Detections 5 | . 5 Full Trace Events . | . . Feedback Events . | . . Feedback Blocked . | . . Robot Schematics Acquired . | . . Robots Built . | . . Authchips . | . . Time . | . . Total Robot Build Rating . | . . Part Schematics Acquired . | . . Parts Built . | . . Authchips . | . . Time . | . . Total Part Build Rating . | . . Parts Repaired . | . . Time . | . . Parts Recycled . | . . Recycled Matter . | . . Retrieved Matter . | . . Retrieved Components . | . . Parts Scanalyzed . | . . Part Schematics Acquired . | . . Parts Damaged . | . . Bothacking | -11 -10 ------------ Run | Yrd Mat Used RIF Installer . | . . Robots Hacked . | . . Non-combat . | . . Combat . | . . Robot Hacks Applied . | . . Relay Couplers Released . | . . Fabnet Peak Effective % . | . . Robots Rewired . | . . Allies Hacked . | . . Hacks Repelled . | . . Allies | -11 -10 -------- Run | Yrd Mat Total Allies . | . . Largest Group . | . . Highest-Rated Group . | . . Highest-Rated Ally . | . . Total Orders . | . . Ally Attacks . | . . Total Damage . | . . Kills . | . . Allies Corrupted . | . . Allies Melted . | . . Intel | -11 -10 ------- Run | Yrd Mat Robot Analysis Total 2 | . 2 Derelict Logs Recovered . | . . Drone Launches . | . . Drone Recoveries . | . . Exploration | -11 -10 ------------- Run | Yrd Mat Turns Passed 805 | 29 776 Spaces Moved 326 | 17 309 Core . | . . Treads 326 | 17 309 Legs . | . . Wheels . | . . Hover . | . . Flight . | . . Fastest Speed 160 | 160 160 Average Speed 160 | 160 160 Slowest Speed 160 | 160 160 Overloaded Moves . | . . Propulsion Burnouts . | . . Robots Hopped . | . . Cave-ins Triggered . | . . Exploration Rate (%) 26 | 4 49 Regions Visited 1 Branch Regions . Pre-discovered Areas . | . . Known Exits Taken . | . . Unknown Exits Taken 1 | 1 . Scrap Searched . | . . Spaces Dug . | . . Terrain Destroyed . | . . Melee . | . . Projectile . | . . AOE . | . . Terrain Rammed 61 | . 61 Walls Destroyed . | . . Machines Disabled . | . . Actions | -11 -10 --------- Run | Yrd Mat Total 455 | 18 437 Wait 30 | . 30 Move 325 | 16 309 Hop . | . . Pick Up . | . . Fast Attach . | . . Attach . | . . Detach . | . . Swap . | . . Drop . | . . Fire 38 | . 38 Melee . | . . Ram 60 | . 60 Kick . | . . Crush 2 | 2 . Escape Stasis . | . . Rewire . | . . Trap . | . . Miscellaneous . | . . Route ------- -11/Scrapyard -10/Materials (discovered 2 exits: [*Mat] / [*Min]) History --------- Turn | Location | Event 6 | -11/Scrapyard | Discovered new exit (range 15) 30 | -11/Scrapyard | Entered Materials 316 | -10/Materials | Build established: Mutant 423 | -10/Materials | Discovered new exit (range 13) 570 | -10/Materials | Discovered new exit (range 11) 684 | -10/Materials | System corruption reached 10% 712 | -10/Materials | System corruption reached 30% 727 | -10/Materials | Core integrity fell below 50% 765 | -10/Materials | Core integrity fell below 20% 806 | -10/Materials | Core destroyed Last Messages --------------- Slammed into Wall. Destabilizing: Core damaged (-12). Slammed into Wall. Destabilizing: Core damaged (-7). Slammed into Wall. System corrupted: Matter fused (-6). Slammed into Wall. Destabilizing: System corrupted (+1). Slammed into Wall. Destabilizing: Core damaged (-7). Slammed into Wall. Destabilizing: Core damaged (-7). Destabilizing: System corrupted (+2). Slammed into Wall. Destabilizing: System corrupted (+1). Slammed into Wall. System corrupted: IFF burst signal emitted. Slammed into Wall. Destabilizing: Core damaged (-5). Destabilizing: Core damaged (-12). Map ----- +----------------------------------------------------+ | ???????????????????????????????# "" #????????## | | ???????????????????????????????# "" ########### | | ???????????????????????????????# ## | | ???????????????????????????????# ## | | ?????????????????????????####### ## ###### | | ?????????????????????????# ###+### #????? | | ?????????????????????????# #????? | | ?????????????????????????# T #????? | | ?????????????????????????# #????" | | ?????????????????????????# ###########??""" | | ?????????????????????????## ##?????????# """" | | ??????????????????????????# #??????????# """" | | ??????????????????????????# ############ """" | | ??????????????????????????# ## ## """" | | ??????????????????????????# ## """ ## """" | | ??????????????????????????# ## "T" ## | | ??????????????????????????# ## #####+# | | ?????????????????????##+### ## ### | | ?????????????????????#^ ^ ## """ + | | ?????????????????????# ## """ ### T | | ??????????????????? + ## """ #?# | | ???????????????? #r^ ## #?##### | | ???????????????####### ####+######?????? | | ????????????????# % #?????? | | ????????????????# % #?????? | | ????????????????# % @ % + ???? | | ????????????????# ####+##% #?????? | | ????????????????# ??# # #### #?????? | | ????????????????# ???# # #??? #????? | | ????????????????# ???# # #???? #????? | | ????????????????# ????# # #???? #????? | | ????????????????# ????# # #????< #????? | | ????????????????#?????# # #???? #????? | | ??????????????????????# # #??? #????? | | ??????????????????????##### #??? #????? | | ??????????????????????????# #### ####### | | ??????????????????????????# | | ??????????????????????????# | | ????????????????????####### | | ????????????? #####?? | | ????????????????????########+### ######?????? | | ?????????????????????# # ########???? | | ?????????????????????# + # #???? | | ?????????????????????# # # #???? | | ?????????????????????# # # #???? | | ?????????????????????###########%### " " #???? | | ???????????????????????????????# #?# "Y" #???? | | ????????????????????????????#### ### """ #???? | | ????????????????????????????# ###+######### | | ????????????????????????????# % | +----------------------------------------------------+ Best States ------------- Heat Dissipation 47 Energy Generation 12 Energy Capacity 265 Matter Stores 300 Matter Capacity 300 Sight Range 16 Terrain Scan Density 10 Armor Coverage 225 Evasion (%) 40 Recoil Reduction 2 Item Schematics ----------------- None Robot Schematics ------------------ None Fabricated ------------ Nothing Alien Tech Used ----------------- None Achievements -------------- None Challenges ------------ None Cogshop Purchases (7) ----------------------- Cooling System (699) Med. Armor Plating (699) Spread Laser (699) Spread Laser (699) Imp. Treads (874) Imp. Ion Engine (699) Imp. Treads (1018) Game ------ Seed ShockIonReplicator Manual? 0 Play Time 00:09:09 Cumulative 37.1 hours Start 2024.04.12 @ 21:10:49 End 2024.04.12 @ 21:15:56 Sessions 1 Manual Loads 0 Difficulty Rogue Special Mode AFD2019/Pay2Buy Game No. 33 Rogue 33 Adventurer 0 Explorer 0 Win Type - Total 1 Types 1/0/0/0/0/0/0/0/0 Lore% 31 Gallery% 32 Achievement% 33 Wizard Run 0 Options --------- Layout 1 ASCII 0 Keyboard 0 Movement Arrows Keybinds 0 Fullscreen 1 Font 24/Smallcaps Map View 50x35 Zoom Use 0% Tactical HUD 0 Map Filters NONE Filters NONE Steam 1 RUN: 2dfc5dd9-f5f7-4a1e-918b-f67ab1a5e182